 Dungeon Crawl Stone Soup version 0.21.0 (webtiles) character file.

177 Hekarica the Sneak (level 5, -4/34 HPs)
             Began as an Octopode Venom Mage on May 21, 2018.
             Slain by an iguana (7 damage)
             ... on level 3 of the Dungeon.
             The game lasted 00:17:36 (4054 turns).

Hekarica the Sneak (Octopode Venom Mage)            Turns: 4054, Time: 00:17:36

Health: -4/34      AC:  1    Str:  9    XL:     5   Next: 57%
Magic:  9/9        EV: 14    Int: 17    God:
Gold:   137        SH:  0    Dex: 12    Spells: 8/9 levels left

rFire    . . .     SeeInvis .     - Unarmed
rCold    . . .     Gourm    .   (no shield)
rNeg     . . .     Faith    .   (helmet restricted)
rPois    .         Spirit   .   (no amulet)
rElec    .         Reflect  .   (no ring)
rCorr    .         Harm     .   (no ring)
MR       .....                  (no ring)
Stlth    +++.......             (no ring)
HPRegen  0.11/turn              (no ring)
MPRegen  0.11/turn              (no ring)
                                (no ring)
                                (no ring)

@: flying
A: almost no armour, stealthy swim, amphibious, 8 rings, constrict 8, camouflage
1, gelatinous body 1
a: no special abilities


You were on level 3 of the Dungeon.
You were not hungry.

You visited 1 branch of the dungeon, and saw 3 of its levels.

You collected 137 gold pieces.

Inventory:

Hand Weapons
 g - a +3 dagger
 q - a +2 mace of crushing
Missiles
 k - 25 arrows (quivered)
Jewellery
 h - an uncursed amulet of faith
 l - an uncursed ring of loudness
Scrolls
 c - a scroll of magic mapping {unknown}
 d - a scroll of enchant weapon {unknown}
 e - 2 scrolls of identify
 o - a scroll of remove curse
 p - a scroll of immolation {unknown}
Potions
 f - 2 potions of agility
 j - a potion of heal wounds {unknown}
 m - a potion of berserk rage {unknown}
 n - a potion of ambrosia {unknown}
Books
 a - a Young Poisoner's Handbook

   Spells                             Type                      Level
   a - Sting                          Conjuration/Poison           1
   b - Poisonous Vapours              Poison/Air                   2
   c - Mephitic Cloud                 Conjuration/Poison/Air       3
   d - Olgreb's Toxic Radiance        Poison                       4
   e - Venom Bolt                     Conjuration/Poison           5
Comestibles
 b - 4 rations


   Skills:
 + Level 2.0 Fighting
 + Level 3.0 Dodging
 + Level 4.2 Stealth
 + Level 2.1 Unarmed Combat
 + Level 2.8 Spellcasting
 - Level 1.0 Conjurations
 - Level 3.6 Poison Magic


You had 8 spell levels left.
You knew the following spells:

 Your Spells              Type           Power        Failure   Level  Hunger
a - Sting                 Conj/Pois      ##..         7%          1    #......


Dungeon Overview and Level Annotations

Branches:
Dungeon (3/15)

Altars:
Uskayaw

Annotations:
D:2 Natasha


Innate Abilities, Weirdness & Mutations

You cannot wear most types of armour.
You are very stealthy in the water. (Stealth+)
You are amphibious.
You can wear up to eight rings at the same time.
You can use your tentacles to constrict eight enemies at once.
Your skin changes colour to match your surroundings (Stealth+).
Your rubbery body absorbs attacks. (AC +1, EV +1)


Message History

The hobgoblin closely misses you.
You tentacle-slap the iguana but do no damage.
The iguana is moderately wounded.
You constrict the iguana. The hobgoblin barely misses you.
The iguana bites you.
You tentacle-slap the iguana.
The iguana is severely wounded.
You constrict the iguana. The hobgoblin barely misses you.
The iguana bites you!
* * * LOW HITPOINT WARNING * * *
You tentacle-slap the iguana but do no damage.
The iguana is severely wounded.
You constrict the iguana, but do no damage.
The hobgoblin barely misses you. The iguana closely misses you.
It was a potion of flight.
You feel very buoyant.
You fly up into the air.
You constrict the iguana, but do no damage.
The iguana bites you!
You die...

.........###
...........#
...........#
..........#
..........#
..........#
..........#
.g........########
.........@l......
.......g########
........#
.......$#
........#
........#
)......<# ###.###


You could see an iguana and a hobgoblin.

Vanquished Creatures
  Crazy Yiuf (D:3)
  Natasha (twice) (D:2)
  4 adders
  2 gnolls (D:3)
  A worm (D:2)
  A dart slug (D:1)
  3 orcs (D:3)
  6 bats
  3 giant cockroaches
  6 goblins
  2 hobgoblins (D:2)
  A quokka (D:3)
  2 frilled lizards (D:1)
  3 kobolds
  5 rats
42 creatures vanquished.

Notes
Turn   | Place    | Note
-------+----------+-------------------------------------------
     0 | D:1      | Hekarica the Octopode Venom Mage began the quest for the Orb.
     0 | D:1      | Reached XP level 1. HP: 11/11 MP: 3/3
    98 | D:1      | Reached XP level 2. HP: 18/18 MP: 0/5
   142 | D:1      | Reached skill level 3 in Stealth
   599 | D:2      | Reached skill level 1 in Fighting
   599 | D:2      | Reached skill level 1 in Unarmed Combat
   599 | D:2      | Reached XP level 3. HP: 15/23 MP: 2/6
   965 | D:2      | Noticed Natasha
  1017 | D:2      | Killed Natasha
  1017 | D:2      | Reached XP level 4. HP: 11/28 MP: 1/7
  1035 | D:2      | Noticed Natasha
  1184 | D:2      | HP: 1/28 [Natasha (5)]
  1185 | D:2      | Killed Natasha
  1218 | D:2      | Noticed Natasha
  3523 | D:3      | Noticed a phantom
  3631 | D:3      | Reached XP level 5. HP: 34/34 MP: 3/8
  3647 | D:3      | Reached skill level 4 in Stealth
  3697 | D:3      | Found a hide-covered altar of Uskayaw.
  3996 | D:3      | Found a runed door.
  4000 | D:3      | Noticed Crazy Yiuf
  4010 | D:3      | Killed Crazy Yiuf
  4054 | D:3      | Slain by an iguana

Skill      XL: |  1  2  3  4  5 |
---------------+----------------+-----
Stealth        | 3 4 |  4.2
Fighting       | 1 2 |  2.0
Unarmed Combat | 1 2 |  2.1
Dodging        | 3 |  3.0
Spellcasting   | |  2.8
Conjurations   | |  1.0
Poison Magic   | |  3.6

Action                   |  1- 3 |  4- 6 || total
-------------------------+-------+-------++-------
Melee: Unarmed           |    23 |    49 ||    72
       Constrict         |     6 |    13 ||    19
       Tentacles         |       |     3 ||     3
       Punch             |       |     2 ||     2
 Cast: Sting             |    44 |    25 ||    69
  Use: Scroll            |     3 |     1 ||     4
       Potion            |       |     1 ||     1
 Stab: Sleeping          |     1 |     2 ||     3
  Eat: Ration            |     1 |     2 ||     3
Armor: Skin              |     1 |     3 ||     4
Dodge: Dodged            |     7 |    31 ||    38
